 Dungeon Crawl Stone Soup version 0.23-a0-446-g036aa52 (webtiles) character file.

127 GizzardofKazz the Shield-Bearer (level 5, -7/41 HPs)
             Began as a Formicid Fighter on Nov 19, 2018.
             Mangled by an ogre
             ... wielding a +0 giant club
              (17 damage)
             ... on level 3 of the Dungeon.
             The game lasted 00:03:19 (1811 turns).

GizzardofKazz the Shield-Bearer (Formicid Fighter)  Turns: 1811, Time: 00:03:20

Health: -7/41      AC:  8    Str: 21    XL:     5   Next: 33%
Magic:  5/5        EV:  6    Int:  8    God:
Gold:   98         SH:  9    Dex: 10    Spells: 4/4 levels left

rFire    . . .     SeeInvis +   a - +0 war axe
rCold    . . .     Gourm    .   c - +0 shield
rNeg     . . .     Faith    .   m - +0 chain mail
rPois    .         Spirit   .   (helmet unavailable)
rElec    .         Reflect  .   e - scarf {repulsion}
rCorr    .         Harm     .   (no gloves)
MR       .....                  (no boots)
Stlth    ..........             (no amulet)
HPRegen  0.13/turn              (no ring)
MPRegen  0.09/turn              (no ring)

@: drained, repel missiles
A: permanent stasis, dig shafts and tunnels, four strong arms, antennae 3
a: Dig, Shaft Self


You were on level 3 of the Dungeon.
You were not hungry.

You visited 1 branch of the dungeon, and saw 3 of its levels.

You collected 98 gold pieces.

Inventory:

Hand Weapons
 a - a +0 war axe (weapon)
Armour
 c - a +0 shield (worn)
 e - a scarf of repulsion (worn)
 m - a +0 chain mail (worn)
Scrolls
 g - a scroll of fog {unknown}
 j - 3 scrolls of identify {unknown}
 k - a scroll of immolation {unknown}
Potions
 b - 2 potions of degeneration {unknown}
 d - a potion of might
 h - a potion of heal wounds {unknown}
 l - 2 potions of brilliance {unknown}
 n - a potion of curing {unknown}
 o - a potion of cancellation {unknown}
 p - a potion of haste {unknown}
Comestibles
 f - 3 rations
 i - 2 chunks of flesh


   Skills:
 - Level 3.2(2.3) Fighting
 + Level 3.8(2.9) Axes
 - Level 3.2(2.3) Armour
 + Level 5.4(4.4) Shields


You had 4 spell levels left.
You didn't know any spells.
Your spell library was empty.

Dungeon Overview and Level Annotations

Branches:
Dungeon (3/15)

Altars:


Innate Abilities, Weirdness & Mutations

You cannot be hasted, slowed, berserked, paralysed or teleported.
You can dig through walls and to a lower floor.
Your four strong arms can wield two-handed weapons with a shield.
You have a pair of large antennae on your head. (SInv)


Message History

You block the ogre's attack.
Your chain mail prevents you from hitting the ogre.
The ogre is lightly wounded.
You block the ogre's attack.
You slash the ogre!
The ogre is moderately wounded.
You block the ogre's attack.
You slash the ogre!
The ogre is heavily wounded.
The ogre hits you with a +0 giant club!
You barely miss the ogre.
The ogre is heavily wounded.
You block the ogre's attack.
The ogre hits you with a +0 giant club!!
* * * LOW HITPOINT WARNING * * *
You are too injured to fight recklessly!
You slash the ogre!
The ogre is almost dead.
The ogre hits you with a +0 giant club!
You die...

##########
#.@O......
#.########
#.#<....#
#.#.).#.#
#.#.#.#.#####.
#.#.#.........
#.............
##############
{


You could see an ogre.

Vanquished Creatures
  Jessica (D:2)
  Robin (D:2)
  An adder (D:2)
  3 gnolls
  A dart slug (D:2)
  A leopard gecko (D:1)
  2 bats
  2 giant cockroaches (D:1)
  15 goblins
  4 hobgoblins
  2 jackals (D:1)
  2 ball pythons
  6 frilled lizards
  3 kobolds (D:1)
  6 rats
50 creatures vanquished.

Vanquished Creatures (others)
  A rat (D:3)
1 creature vanquished.

Grand Total: 51 creatures vanquished

Notes
Turn   | Place    | Note
-------+----------+-------------------------------------------
     0 | D:1      | GizzardofKazz the Formicid Fighter began the quest for the
                  | Orb.
     0 | D:1      | Reached XP level 1. HP: 18/18 MP: 1/1
   132 | D:1      | Reached XP level 2. HP: 24/24 MP: 2/2
   177 | D:1      | Reached skill level 4 in Shields
   607 | D:1      | Reached XP level 3. HP: 26/29 MP: 3/3
   815 | D:2      | Noticed Robin
   848 | D:2      | Killed Robin
   924 | D:2      | Reached XP level 4. HP: 30/35 MP: 4/4
  1096 | D:2      | Noticed Jessica
  1110 | D:2      | Killed Jessica
  1110 | D:2      | Reached skill level 5 in Shields
  1546 | D:2      | Reached XP level 5. HP: 40/41 MP: 5/5
  1802 | D:3      | Noticed an ogre
  1811 | D:3      | Mangled by an ogre

Vault maps used:
D:1:      dpeg_arrival_chambers_temple_mockup
D:2:      uniq_robin, uniq_jessica
D:3:      fiery_altar_vehumet, serial_bayou_lake_a, uniq_ijyb

Skill      XL: |  1  2  3  4 |
---------------+-------------+-----
Shields        | 4 5 |  5.4
Axes           | 3 |  3.8
Fighting       | |  3.2
Armour         | |  3.2

Action                   |  1- 3 |  4- 6 || total
-------------------------+-------+-------++-------
Melee: War axe           |    94 |    66 ||   160
  Eat: Chunk             |       |     3 ||     3
Armor: Scale mail        |    11 |       ||    11
       Chain mail        |    34 |    41 ||    75
Dodge: Dodged            |    24 |    20 ||    44
Block: Shield            |    48 |    47 ||    95

Table legend:
 A = Non-vault XP
 B = Vault XP
 C = Vault XP percentage of total XP
 D = Non-vault monster count
 E = Vault monster count
 F = Vault count percentage of total count
                 A         B        C        D         E       F
            +---------+---------+-------+---------+---------+-------
      Total |     111 |      71 |  39.0 |      38 |      12 |  24.0
            +---------+---------+-------+---------+---------+-------
        D:1 |      29 |       0 |   0.0 |      18 |       0 |   0.0
        D:2 |      68 |      71 |  51.1 |      19 |      12 |  38.7
        D:3 |      14 |       0 |   0.0 |       1 |       0 |   0.0
            +---------+---------+-------+---------+---------+-------
